Map: New Repugnancy LE

Players

Throwfordays - Winner!

  • Race: Protoss Protoss
  • League: Bronze
  • Spawn Location: 1:00

Jdoc

  • Race: Zerg Zerg
  • League: Silver
  • Spawn Location: 7:00

VOD

Have the link to the VOD?

Description

Time

  • Played on: Feb. 2, 2019, 12:51 p.m.
  • Length: 9:47
Show
View Real Time Build Order
Export as new Build Order

Throwfordays Protoss - Winner!

Build Orders:  

Get SALT Encoding   

  12  0:00  Probe  
  13  0:12  Probe  
  14  0:22  Pylon  
  14  0:24  Probe  
  15  0:41  Gateway  
  15  0:43  Probe  
  16  0:55  Probe  
  17  1:07  Assimilator, Probe  
  18  1:13  Gateway  
  18  1:19  Probe  
  19  1:28  Cybernetics Core  
  19  1:31  Forge  
  19  1:36  Probe  
  20  1:44  Zealot  
  22  1:48  Probe  
  22  1:50  Pylon  
  23  2:03  Warp Gate  
  23  2:08  Adept  
  24  2:16  Pylon  
  24  2:18  Photon Cannon  
  24  2:23  Adept  
  26  2:30  Assimilator  
  26  2:44  Adept  
  28  2:57  Protoss Ground Weapons Level 1  
  28  3:06  Nexus  
  28  3:09  Probe  
  29  3:21  Probe  
  30  3:33  Probe  
  31  3:45  Probe  
  32  3:50  Pylon  
  32  3:57  Probe  
  32  4:01  Stalker  
  35  4:04  Stalker  
  35  4:09  Probe  
  38  4:15  Probe  
  38  4:20  Probe  
  38  4:21  Twilight Council  
  38  4:23  Probe  
  40  4:28  Probe  
  41  4:33  Probe  
  41  4:36  Probe  
  43  4:45  Probe  
  45  4:48  Probe  
  46  4:54  Assimilator  
  46  4:55  Protoss Ground Weapons Level 2, Blink  
  46  4:57  Probe  
  46  4:59  Assimilator  
  47  5:00  Probe  
  47  5:05  Pylon  
  48  5:09  Probe  
  48  5:12  Probe  
  50  5:19  Gateway  
  50  5:21  Probe  
  50  5:24  Gateway  
  51  5:31  Gateway  
  51  5:33  Probe  
  52  5:36  Gateway  
  52  5:45  Probe x2  
  54  5:51  Stalker  
  54  5:53  Stalker  
  58  5:57  Probe  
  59  6:09  Pylon  
  59  6:25  Pylon  
  59  6:32  Stalker x2  
  61  6:33  Stalker x4  
  71  6:44  Gateway  
  71  6:47  Robotics Facility  
  71  6:54  Probe  
  72  6:56  Resonating Glaives  
  72  7:02  Pylon  
  72  7:06  Probe  
  65  7:18  Probe  
  62  7:23  Adept x3  
  62  7:24  Adept x3  
  74  7:40  Pylon  
  72  7:52  Adept x6  
  82  8:06  Adept  
  82  8:10  Pylon  
  84  8:43  Adept x6  
  84  8:44  Adept  
Show
View Real Time Build Order
Export as new Build Order

Jdoc Zerg 

Build Orders: Pool First 

Get SALT Encoding   

  12  0:27  Spawning Pool  
  11  0:29  Overlord  
  11  0:32  Drone  
  12  0:37  Drone  
  13  0:44  Drone  
  14  0:51  Drone  
  15  1:02  Drone  
  16  1:13  Drone  
  16  1:17  Queen  
  19  1:23  Zergling x2  
  20  1:38  Hatchery  
  19  1:52  Drone x2  
  21  1:56  Overlord  
  21  2:02  Queen, Extractor  
  21  2:04  Extractor  
  21  2:22  Drone x2  
  23  2:28  Drone x3  
  26  2:31  Overlord  
  26  2:37  Queen  
  28  2:44  Drone  
  29  2:52  Queen  
  31  3:00  Drone  
  31  3:01  Drone  
  33  3:11  Overlord  
  33  3:21  Evolution Chamber  
  33  3:24  Evolution Chamber  
  31  3:27  Lair  
  31  3:30  Metabolic Boost  
  31  3:37  Drone  
  31  3:38  Zergling x2, Drone  
  34  3:46  Drone x2  
  36  3:49  Zergling x2  
  36  3:52  Drone  
  39  3:55  Drone  
  39  3:59  Drone  
  39  4:02  Zergling x2  
  41  4:10  Zerg Ground Armor Level 1  
  41  4:16  Zerg Melee Weapons Level 1  
  41  4:20  Overlord  
  41  4:28  Overseer  
  41  4:31  Overlord  
  41  4:32  Overseer  
  41  4:35  Overseer  
  41  4:43  Zergling x2, Drone x2  
  41  4:45  Drone x2  
  45  4:46  Zergling x2  
  47  4:59  Drone x2  
  49  5:00  Zergling x2  
  49  5:04  Burrow  
  49  5:05  Drone  
  49  5:06  Zergling x2, Drone  
  53  5:09  Overlord  
  53  5:20  Zergling x2, Drone x2  
  56  5:25  Extractor  
  55  5:30  Queen  
  57  5:39  Drone x3  
  60  5:51  Hydralisk Den  
  60  5:53  Drone  
  60  5:54  Zergling x10  
  60  5:55  Zergling x4  
  67  6:01  Overlord  
  67  6:05  Queen  
  69  6:13  Zergling x12  
  69  6:15  Pneumatized Carapace  
  69  6:17  Overlord  
  75  6:24  Overlord  
  75  6:27  Muscular Augments  
  75  6:42  Overseer  
  75  6:45  Extractor  
  75  6:46  Overseer  
  74  6:53  Hatchery  
  65  7:10  Zergling x4  
  65  7:11  Zergling x22  
  59  7:37  Zergling x2  
  59  7:38  Zergling x14  
  59  7:48  Zergling x2  
  59  7:49  Zergling x2  
Tags
 
Matchup
PvZ
Opening
Pool First
Replay Pack
Multiplayer
Spawn Locations
Cross Positions
Add a new tag
Caveats
  • Supply blocks, unpowered buildings, or Contaminate may cause inaccurate times.
  • Supply counts are checked every 10 seconds.